AoeStats
← 海峡

African Clearing

504769416Analyzed
2v2 RM · 27d ago on Sep 6, 2026· 36m 48s· 4 players
Game mode
Random Map
Map size
Medium (4 player)
Population
200
Speed
Normal
Resources
Standard
Victory
Conquest
Starting age
Dark Age
Ending age
Imperial Age
RankedLock teamsTeams togetherTeam positionsShared explorationLock speedFull tech treeHidden civsTurbo modeCheats
Victory
Defeat
🇦🇹 Mongols · Austria
1411
+16
🇨🇳 Celts · China
1396
+17
🇨🇳 Inca · China
1450
-18
🇨🇳 Mongols · China
1386
-15
Mr Ozima
3:31 Loom
13:11 Feudal Age
17:04 Castle Age
16:04 Fletching
21:52 Bodkin Arrow
27:00 Double-Bit Axe
29:35 Bow Saw
31:18 Horse Collar
36:13 Husbandry
36:52 Bloodlines
36:44 Padded Archer Armor
AM | UltraSeven
13:00 Feudal Age
12:53 Loom
17:49 Castle Age
16:08 Double-Bit Axe
16:40 Man-at-Arms
17:24 Horse Collar
21:07 Scale Mail Armor
21:37 Fletching
27:44 Bodkin Arrow
冰石戟
3:48 Loom
11:30 Feudal Age
18:32 Double-Bit Axe
22:44 Castle Age
海峡
10:14 Loom
13:20 Feudal Age
14:37 Double-Bit Axe
17:24 Castle Age
16:15 Scale Mail Armor
16:28 Forging
16:06 Champi Runner
17:37 Champi Warrior
18:57 Iron Casting
21:49 Arson
25:14 Bow Saw
31:27 Squires
33:05 Chain Mail Armor
Connection lost

Rejoining the realm…

Still unreachable

The connection could not be restored.

Session expired

The server has moved on; the page needs a fresh start.